 Dungeon Crawl Stone Soup version 0.28-a0-1613-gdaab1c2f9b (webtiles) character file.

Game seed: 7192871308822401697

45 jfcaron the Magician (level 3, 0/25 HPs)
             Began as a Djinni Fire Elementalist on Jan 22, 2022.
             Killed by an exploding goblin (12 damage)
             ... ignited by their inner flame
             ... on level 1 of the Dungeon.
             The game lasted 00:03:59 (1144 turns).

jfcaron the Magician (Djinni Fire Elementalist)     Turns: 1144, Time: 00:04:00

Health: 0/25       AC:  3    Str:  7    XL:     3   Next: 90%
Gold:   26         EV: 12    Int: 18    God:
                   SH:  0    Dex: 13

rFire   + + .      SeeInvis .   d - +2 dagger (speed)
rCold   x . .      Faith    .   (no shield)
rNeg    . . .      Spirit   .   a - +0 robe
rPois   ∞          Reflect  .   (no helmet)
rElec   .          Harm     .   (no cloak)
rCorr   .          Rampage  .   b - +0 pair of gloves
Will    .....                   (boots unavailable)
Stlth   ++........              (no amulet)
HPRegen 0.08/turn               (no ring)
MPRegen 0.00/turn               (no ring)

@: flying
A: sickness immunity, fire resistance 2, cold vulnerability 1, float, innate
caster, hp casting, extra vitality 1
a: no special abilities


You were on level 1 of the Dungeon.
You visited 1 branch of the dungeon, and saw 1 of its levels.

You collected 26 gold pieces.

Inventory:

Hand Weapons
 d - a +2 dagger of speed (weapon)
Missiles
 f - 31 stones
Armour
 a - a +0 robe (worn)
 b - a +0 pair of gloves (worn)
Scrolls
 c - a scroll of fear {unknown}
 e - a scroll of amnesia {unknown}
 g - a scroll of identify {unknown}
Potions
 h - a potion of flight {unknown}


   Skills:
 - Level 2.3 Dodging
 - Level 1.7 Stealth
 + Level 3.4 Spellcasting


You couldn't memorise any spells.
You knew the following spells:

 Your Spells              Type           Power      Damage    Failure   Level
a - Foxfire               Conj/Fire      60%        2x1d7     3%          1
b - Scorch                Fire           30%        2d7       6%          2
c - Conjure Flame         Conj/Fire      15%        6-21      12%         3
d - Inner Flame           Hex/Fire       15%        N/A       12%         3
e - Flame Wave            Conj/Fire      15%        2d6       36%         4
f - Summon Small Mammal   Summ           60%        N/A       3%          1
Your spell library was empty.

Dungeon Overview and Level Annotations

Branches:
Dungeon (1/15)

Altars:


Innate Abilities, Weirdness & Mutations

You are immune to sickness and miasma.
You are immune to poison.
Your flesh is very heat resistant. (rF++)
You are vulnerable to cold. (rC-)
You float through the air rather than walking.
You learn spells naturally, not from books.
Your magical power is your life essence.
You have superior vitality. (+4 MHP)


Message History

You start resting.
HP restored.
A rat comes into view.
You conjure some foxfire!
The foxfire hits the rat!
You kill the rat!
Your foxfire dissipates!
Found a dagger.
Found Dysehin's Volume of Displaced Confrontation.
You see here a +0 dagger.
An endoplasm comes into view.
A rat, 2 goblins and an endoplasm come into view.
Casting: Foxfire (safe; 3% risk of failure)
Confirm with . or Enter, or press ? or * to list all spells.
The spell is quite dangerous to miscast (12% risk of failure)!
Continue anyway?
Aiming: Inner Flame (quite dangerous; 12% risk of failure)
Press: ? - help, Dir - move target, f - goblin
Aim: a goblin, wielding a +0 short sword (wandering, hasn't noticed you, chance to affect: 83%)
The goblin shouts!
The goblin is filled with an inner flame.
The goblin shouts!
The endoplasm quivers.
The rat twitches its whiskers.
The goblin hits you with a +0 short sword.
You closely miss the goblin.
Casting: Inner Flame (quite dangerous; 12% risk of failure)
Confirm with . or Enter, or press ? or * to list all spells.
You conjure some foxfire!
The goblin closely misses you. x2
Your foxfire dissipates!
The foxfire hits the goblin!
You kill the goblin!
Unknown command.
You closely miss the goblin. The goblin misses you.
Casting: Foxfire (safe; 3% risk of failure)
Confirm with . or Enter, or press ? or * to list all spells.
You conjure some foxfire!
The goblin hits you with a +0 short sword.
You closely miss the goblin.
The foxfire hits the goblin.
The goblin explodes!
The fiery explosion engulfs you! You resist.
You die...

#
##.........#####
# ##.....#.## #
##...##.# #
##...#.# #
.#######......#
#
........).....#
#
.#######.....##
# #######.:.##
#@§......## .
#)######## #
#....§Jr#
#.##..J..#
#.......
#.....###
##...## ##.##
#.#


You could see 2 endoplasms and a rat.

Vanquished Creatures
  A gnoll (D:1)
  2 dart slugs (D:1)
  3 bats (D:1)
  2 endoplasms (D:1)
  3 hobgoblins (D:1)
  6 jackals (D:1)
  A kobold (D:1)
  2 quokkas (D:1)
  A ball python (D:1)
  3 frilled lizards (D:1)
  3 goblins (D:1)
  4 rats (D:1)
  47 foxfires (D:1)
78 creatures vanquished.

Notes
Turn   | Place    | Note
-------+----------+-------------------------------------------
     0 | D:1      | jfcaron the Djinni Fire Elementalist began the quest for
                  | the Orb.
     0 | D:1      | Reached XP level 1. HP: 15/15 MP: 0/0
   161 | D:1      | Reached XP level 2. HP: 8/21 MP: 0/0
   365 | D:1      | Found a faded altar of an unknown god.
   612 | D:1      | Reached skill level 3 in Spellcasting
   625 | D:1      | Reached XP level 3. HP: 23/25 MP: 0/0
   625 | D:1      | Learned a level 1 spell: Summon Small Mammal
  1144 | D:1      | Killed by an exploding goblin... ignited by their inner
                  | flame

Illustrated notes

Levels and vault maps discovered:
D:1:      saegor_arrival_simple_b, layout_loops_ring,
          ebering_ecumenical_altar_rust, minmay_pentomino_v2

Skill      XL: |  1  2 |
---------------+-------+-----
Spellcasting   | 3 |  3.4
Dodging        | |  2.3
Stealth        | |  1.7

Action                   || total
-------------------------++-------
Melee: Unarmed           ||     7
       Dagger            ||    16
 Cast: Foxfire           ||    34
       Scorch            ||     5
       Inner Flame       ||     1
Armor: Robe              ||     4
Dodge: Dodged            ||    20

Table legend: (Time is in decaauts)
 A = Elapsed time spent in this place.
 B = Non-inter-level travel time spent in this place.
 C = Inter-level travel time spent in this place.
 D = Time resting spent in this place.
 E = Time spent auto-exploring this place.
 F = Levels seen in this place.
 G = Mean time per level.
                   A        B        C        D        E       F      G
               +--------+--------+--------+--------+--------+-----+--------+
         Total |   1138 |   1138 |      0 |    566 |    400 |   1 | 1138.0 |
       Dungeon |   1138 |   1138 |      0 |    566 |    400 |   1 | 1138.0 |
               +--------+--------+--------+--------+--------+-----+--------+

Top non-repeatable levels by time:
     D:1: 1138 daAuts
